Map: Shrines of Lizul

Players

TimeTwist - Winner!

  • Race: Zerg Zerg
  • Spawn Location: 3:00

dallaskuken - Winner!

  • Race: Protoss Protoss
  • League: Silver
  • Spawn Location: 12:00

FrogMint

  • Race: Zerg Zerg
  • Spawn Location: 9:00

Loken

  • Race: Protoss Protoss
  • Spawn Location: 6:00

VOD

Have the link to the VOD?

Description

Time

  • Played on: March 7, 2017, 6:14 p.m.
  • Length: 14:12
Show
View Real Time Build Order
Export as new Build Order

TimeTwist Zerg - Winner!

Build Orders: Pool First, Lurkers 

Get SALT Encoding   

  12  0:01  Drone  
  13  0:10  Drone  
  14  0:20  Extractor  
  13  0:23  Drone  
  13  0:26  Overlord  
  14  0:42  Spawning Pool  
  13  0:46  Drone  
  14  0:50  Drone  
  14  0:55  Drone  
  16  1:00  Drone  
  17  1:08  Drone  
  18  1:28  Metabolic Boost  
  18  1:31  Queen  
  20  1:33  Overlord  
  20  1:53  Zergling x6  
  23  2:05  Zergling x2  
  24  2:28  Zergling x4  
  24  2:29  Hatchery  
  25  2:32  Queen  
  27  2:39  Zergling x2  
  27  2:40  Zergling x4  
  30  2:46  Overlord  
  30  3:04  Drone  
  30  3:05  Drone  
  32  3:11  Roach Warren  
  31  3:15  Drone x3  
  27  3:46  Zergling x6  
  30  3:50  Queen  
  32  3:57  Drone x2  
  33  4:07  Roach x2  
  36  4:14  Lair  
  36  4:16  Roach x2  
  40  4:32  Roach  
  42  4:47  Roach, Overlord  
  41  5:00  Overlord  
  41  5:01  Overlord  
  41  5:14  Roach x3  
  41  5:15  Roach x2  
  51  5:22  Roach  
  51  5:23  Roach  
  51  5:26  Drone x2  
  57  5:29  Extractor  
  57  5:32  Drone x4, Extractor  
  59  5:36  Drone  
  60  5:48  Drone  
  60  5:49  Drone x2  
  63  5:50  Drone  
  63  5:53  Roach x2  
  63  5:56  Overlord  
  68  6:00  Overlord  
  68  6:07  Spore Crawler  
  52  6:30  Roach x5  
  49  6:41  Zergling x2  
  49  6:42  Zergling x8  
  54  6:58  Zergling x2  
  54  6:59  Zergling x12  
  54  7:00  Zergling x2  
  60  7:03  Queen  
  60  7:08  Queen  
  64  7:25  Drone  
  64  7:26  Drone x2  
  64  7:27  Drone  
  61  7:53  Roach x3  
  61  7:54  Roach x3  
  73  7:58  Drone  
  73  8:01  Spore Crawler  
  73  8:05  Drone  
  71  8:19  Roach x3  
  77  8:26  Glial Reconstitution  
  77  8:29  Drone  
  77  8:30  Drone x3  
  81  8:36  Drone x2  
  81  8:37  Drone  
  81  8:39  Overlord  
  83  9:00  Hydralisk Den, Drone x2  
  84  9:08  Drone x2  
  84  9:09  Roach x3  
  92  9:12  Overlord  
  92  9:20  Hatchery  
  91  9:30  Infestation Pit  
  90  9:34  Overlord  
  90  9:35  Roach x2  
  94  9:56  Roach x3  
  94  9:57  Roach, Drone  
  94  9:58  Drone  
  104  10:00  Overlord x2, Extractor  
  104  10:01  Drone x2  
  104  10:02  Drone  
  106  10:16  Evolution Chamber  
  106  10:20  Evolution Chamber  
  104  10:27  Lurker Den  
  104  10:35  Drone x4  
  106  10:41  Drone x6  
  114  10:44  Queen  
  114  10:46  Drone x2  
  118  10:50  Drone x3  
  121  10:59  Roach x2  
  121  11:02  Overseer  
  121  11:03  Overseer  
  125  11:16  Roach x2  
  125  11:17  Overlord x3  
  129  11:37  Drone  
  129  11:38  Drone x2  
  132  11:42  Pathogen Glands  
  132  11:44  Zerg Ground Armor Level 1  
  132  11:45  Roach x3  
  132  11:46  Roach x4  
  146  12:01  Hydralisk x2  
  146  12:02  Hydralisk x2  
  146  12:04  Overlord x3  
  153  12:13  Muscular Augments  
  153  12:17  Overlord  
  153  12:18  Overlord  
  153  12:23  Burrow  
  153  12:32  Lurker x2  
  155  12:39  Extractor  
  155  12:40  Drone x3  
  155  12:42  Extractor  
  156  12:46  Lurker  
  156  12:51  Lurker  
  158  12:59  Hydralisk  
  158  13:00  Hydralisk  
  158  13:05  Drone x2  
  164  13:27  Overlord x2  
  164  13:28  Roach x2, Overlord  
  164  13:29  Roach x5  
Show
View Real Time Build Order
Export as new Build Order

dallaskuken Protoss - Winner!

Build Orders:  

Get SALT Encoding   

  12  0:02  Probe (Chrono Boost)  
  13  0:12  Probe (Chrono Boost)  
  14  0:21  Pylon  
  14  0:25  Probe (Chrono Boost)  
  15  0:40  Probe (Chrono Boost)  
  16  0:46  Gateway  
  16  0:58  Probe (Chrono Boost)  
  17  1:04  Pylon  
  17  1:07  Assimilator  
  17  1:09  Probe (Chrono Boost)  
  18  1:33  Gateway  
  18  1:37  Cybernetics Core  
  19  1:40  Probe (Chrono Boost)  
  19  1:50  Probe (Chrono Boost)  
  20  2:01  Assimilator, Probe (Chrono Boost)  
  21  2:11  Probe (Chrono Boost)  
  21  2:12  Pylon  
  22  2:20  Stalker  
  24  2:30  Stalker  
  26  2:38  Warp Gate  
  26  2:50  Pylon  
  26  3:03  Stalker  
  28  3:06  Stalker  
  28  3:11  Nexus  
  30  3:34  Stalker  
  30  3:36  Stalker  
  34  3:43  Pylon  
  34  3:45  Pylon  
  34  3:58  Twilight Council  
  34  4:05  Probe (Chrono Boost)  
  35  4:15  Probe (Chrono Boost)  
  36  4:26  Robotics Facility, Probe (Chrono Boost)  
  29  4:36  Probe (Chrono Boost)  
  30  5:06  Gateway  
  30  5:08  Gateway, Probe (Chrono Boost)  
  32  5:14  Observer  
  32  5:17  Stalker x2  
  32  5:18  Probe (Chrono Boost)  
  37  5:29  Probe x2 (Chrono Boost)  
  37  5:34  Assimilator  
  39  5:36  Assimilator  
  39  5:39  Probe (Chrono Boost)  
  39  5:40  Probe (Chrono Boost)  
  41  5:46  Sentry x2  
  46  5:50  Probe x2 (Chrono Boost)  
  47  5:58  Immortal  
  51  6:11  Stalker  
  51  6:12  Stalker  
  51  6:43  Stalker x2  
  51  6:44  Stalker x2  
  51  7:10  Immortal  
  55  7:24  Blink  
  55  7:36  Stargate  
  55  7:40  Probe (Chrono Boost)  
  56  7:44  Pylon  
  56  7:47  Pylon  
  56  7:50  Probe (Chrono Boost)  
  57  7:51  Forge  
  57  7:57  Probe (Chrono Boost)  
  58  8:01  Probe (Chrono Boost)  
  58  8:04  Stalker  
  58  8:05  Stalker x2  
  63  8:06  Stalker  
  63  8:08  Probe (Chrono Boost)  
  63  8:11  Probe (Chrono Boost)  
  69  8:18  Probe (Chrono Boost)  
  70  8:20  Void Ray  
  70  8:22  Probe (Chrono Boost)  
  75  8:29  Probe (Chrono Boost)  
  75  8:30  Protoss Air Weapons Level 1  
  75  8:33  Probe (Chrono Boost)  
  77  8:44  Probe (Chrono Boost)  
  78  8:52  Stalker x2  
  78  8:54  Stalker, Probe (Chrono Boost)  
  85  9:03  Void Ray  
  85  9:06  Nexus  
  85  9:07  Immortal  
  93  9:23  Pylon  
  93  9:25  Pylon  
  93  9:26  Pylon  
  93  9:27  Pylon  
  93  9:30  Pylon  
  92  9:38  Fleet Beacon  
  92  9:44  Sentry  
  92  9:45  Sentry x2  
  98  9:54  Immortal  
  102  10:10  Void Ray  
  106  10:41  Zealot x4  
  114  10:53  Tempest  
  120  11:19  Stalker x4  
  120  11:21  Nexus  
  128  11:30  Protoss Shields Level 1  
  128  11:32  Tempest  
  134  11:51  Pylon  
  134  11:52  Pylon  
  134  11:54  Pylon  
  134  12:09  Immortal  
  138  12:21  Pylon  
  138  12:22  Pylon  
  138  12:30  Void Ray  
  142  12:42  Stalker x4  
  150  12:48  Immortal  
  154  13:07  Void Ray  
  143  13:14  Zealot x2  
Show
View Real Time Build Order
Export as new Build Order

FrogMint Zerg 

Build Orders: Pool First 

Get SALT Encoding   

  12  0:01  Drone  
  13  0:12  Overlord  
  13  0:18  Drone  
  14  0:37  Spawning Pool  
  13  0:45  Drone  
  13  0:46  Drone  
  13  0:47  Drone  
  16  0:57  Drone  
  17  1:10  Drone  
  18  1:14  Extractor  
  17  1:20  Overlord  
  17  1:23  Queen  
  19  1:29  Drone  
  20  1:45  Drone  
  21  1:57  Drone  
  21  2:00  Hatchery  
  21  2:05  Zergling x2  
  22  2:14  Zergling x2  
  23  2:26  Drone  
  23  2:28  Roach Warren  
  23  2:49  Queen  
  25  2:55  Extractor  
  24  2:58  Drone x2  
  24  2:59  Overlord  
  26  3:09  Roach x2  
  31  3:20  Zergling x6  
  30  3:37  Zergling x2  
  30  3:38  Zergling x6  
  27  3:42  Queen  
  27  3:45  Queen  
  27  3:46  Drone  
  32  3:54  Drone x2  
  34  4:13  Roach x4  
  42  4:18  Queen  
  44  4:29  Metabolic Boost  
  41  5:01  Queen  
  43  5:08  Lair  
  43  5:13  Drone  
  44  5:16  Overlord x3  
  44  5:39  Drone x3  
  44  5:40  Drone  
  48  5:50  Roach x4  
  50  6:40  Roach x9  
  50  6:41  Roach  
  50  6:44  Overlord  
  50  6:45  Overlord  
  57  7:07  Roach x4  
  57  7:08  Roach  
  61  7:14  Overlord  
  61  7:30  Drone x7  
  61  7:36  Overseer  
  56  8:16  Drone  
  56  8:17  Drone x4  
  56  8:18  Drone x2  
  63  8:25  Glial Reconstitution  
  63  8:27  Hatchery  
  62  8:34  Hydralisk Den  
  62  8:39  Roach x3  
  67  9:00  Queen  
  69  9:31  Muscular Augments  
  69  9:47  Drone  
  69  9:49  Drone x4, Overlord x3  
  69  9:50  Drone x2, Overlord, Hydralisk x2  
  69  9:51  Hydralisk  
  82  9:54  Ravager  
  83  10:06  Ravager x2  
  85  10:15  Hydralisk x3  
  91  10:41  Hydralisk  
  91  10:42  Hydralisk  
  95  10:58  Hydralisk  
  95  10:59  Hydralisk  
  99  11:11  Overlord x3  
  99  11:12  Hydralisk  
  101  11:41  Drone x4, Overlord x4  
  101  11:42  Drone  
  106  11:48  Extractor  
  106  11:51  Extractor  
  104  11:58  Extractor  
  104  11:59  Extractor  
  104  12:00  Drone x3  
  105  12:08  Hydralisk  
  105  12:09  Hydralisk x5  
  117  12:29  Drone x3  
  120  12:33  Queen  
  122  12:39  Hydralisk  
  122  12:40  Hydralisk x4  
  132  13:10  Hydralisk x4  
  138  13:21  Hydralisk x4  
  138  13:22  Hydralisk x3  
  148  13:43  Hydralisk x3  
  148  13:44  Hydralisk x3  
Show
View Real Time Build Order
Export as new Build Order

Loken Protoss 

Build Orders:  

Get SALT Encoding   

  12  0:01  Probe (Chrono Boost)  
  13  0:16  Pylon  
  13  0:19  Probe (Chrono Boost)  
  14  0:29  Probe (Chrono Boost)  
  15  0:40  Gateway  
  15  0:45  Probe (Chrono Boost)  
  16  0:56  Probe (Chrono Boost)  
  17  0:58  Gateway  
  17  1:06  Probe (Chrono Boost)  
  17  1:09  Pylon  
  18  1:17  Probe (Chrono Boost)  
  19  1:18  Assimilator  
  19  1:32  Cybernetics Core  
  19  1:36  Probe (Chrono Boost)  
  20  1:43  Zealot  
  22  1:47  Zealot  
  22  1:50  Probe (Chrono Boost)  
  25  1:58  Assimilator  
  25  2:00  Probe (Chrono Boost)  
  26  2:11  Probe (Chrono Boost)  
  27  2:16  Stalker  
  27  2:17  Warp Gate  
  27  2:19  Stalker  
  30  2:51  Pylon  
  30  2:55  Pylon  
  30  3:09  Zealot x2  
  30  3:12  Twilight Council  
  34  3:18  Gateway  
  34  3:23  Gateway  
  34  3:36  Zealot  
  36  3:52  Charge  
  36  4:24  Zealot  
  36  4:25  Zealot x3  
  42  4:52  Zealot x2  
  46  4:57  Pylon  
  46  4:58  Pylon  
  46  5:10  Probe (Chrono Boost)  
  46  5:12  Forge  
  48  5:22  Probe (Chrono Boost)  
  48  5:25  Zealot x2  
  48  5:27  Sentry  
  54  5:34  Probe (Chrono Boost)  
  55  5:37  Sentry  
  57  5:46  Probe (Chrono Boost)  
  57  5:48  Sentry x2  
  62  5:57  Pylon  
  62  5:59  Pylon  
  62  6:02  Pylon  
  36  6:26  Sentry x3  
  36  6:27  Sentry  
  36  6:32  Protoss Ground Weapons Level 1  
  34  6:52  Stalker x4  
  42  7:15  Nexus  
  42  7:29  Probe (Chrono Boost)  
  43  7:41  Probe (Chrono Boost)  
  44  7:53  Probe (Chrono Boost)  
  45  8:13  Zealot x4  
  53  8:30  Probe (Chrono Boost)  
  54  8:37  Zealot x3  
  54  8:38  Zealot  
  63  8:41  Probe (Chrono Boost)  
  63  8:44  Pylon  
  63  8:51  Probe (Chrono Boost)  
  63  8:52  Blink  
  64  9:02  Probe (Chrono Boost)  
  65  9:13  Probe (Chrono Boost)  
  66  9:27  Zealot x2  
  66  9:28  Zealot x2  
  66  9:31  Gateway  
  74  9:32  Gateway  
  74  9:34  Gateway  
  74  9:45  Assimilator  
  74  9:46  Assimilator  
  74  9:57  Stargate  
  74  10:00  Stargate  
  74  10:15  Stargate  
  74  10:35  Pylon  
  74  10:38  Pylon  
  74  10:43  Stalker x4  
  74  10:44  Stalker x2  
  86  11:29  Void Ray x3  
  98  11:37  Pylon  
  98  12:12  Protoss Ground Armor Level 1, Void Ray x3  
  110  13:19  Void Ray x3  
  122  13:32  Pylon  
  122  13:34  Pylon  
  122  13:36  Pylon  
  122  13:38  Pylon  
  122  13:39  Pylon  
  106  13:42  Pylon  
  106  13:44  Pylon  
  106  13:46  Pylon  
  106  13:48  Pylon  
Tags
 
Add a new tag
Caveats
  • Supply blocks, unpowered buildings, or Contaminate may cause inaccurate times.
  • Supply counts are checked every 10 seconds.